 Dungeon Crawl Stone Soup version 0.30-a0-726-gd89dcf765f (webtiles) character file.

Game seed: 7248043970188128436

57 hbarley the Chopper (level 4, 0/34 HPs)
             Began as a Human Gladiator on Jan 29, 2023.
             Slain by a gnoll
             ... wielding a +0 club
              (5 damage)
             ... on level 1 of the Dungeon.
             The game lasted 00:03:03 (948 turns).

hbarley the Chopper (Human Gladiator)                Turns: 948, Time: 00:03:03

Health: 0/34       AC:  9    Str: 16    XL:     4   Next: 18%
Magic:  4/4        EV:  7    Int:  8    God:
Gold:   83         SH:  0    Dex: 15    Spells: 3/3 levels left

rFire   . . .      SeeInvis .    a - +0 war axe
rCold   . . .      Faith    .    (no shield)
rNeg    . . .      Spirit   .    i - +0 chain mail
rPois   .          Reflect  .    c - +0 helmet
rElec   .          Harm     .    (no cloak)
rCorr   .          Rampage  .    (no gloves)
Will    .....                    (no boots) Stlth
                                 (no amulet)
HPRegen 0.25/turn                (no ring)
MPRegen 0.09/turn                (no ring)

@: no status effects
A: no striking features
a: no special abilities


You were on level 1 of the Dungeon.
You visited 1 branch of the dungeon, and saw 2 of its levels.

You collected 83 gold pieces.

Inventory:

Hand Weapons
 a - a +0 war axe (weapon)
Missiles
 d - 3 throwing nets (quivered)
 e - a javelin
Armour
 b - a +0 leather armour
 c - a +0 helmet (worn)
 i - a +0 chain mail (worn)
Scrolls
 h - 2 scrolls of identify {unknown}
Potions
 f - a potion of ambrosia {unknown}
 g - a potion of invisibility {unknown}


   Skills:
 + Level 2.3 Fighting
 + Level 3.9 Axes
 - Level 2.0 Throwing
 * Level 1.5 Armour
 + Level 3.2 Dodging


You had 3 spell levels left.
You didn't know any spells.
Your spell library was empty.

Dungeon Overview and Level Annotations

Branches:
Dungeon (2/15)

Altars:


Message History

The gnoll hits you with a +0 whip.
You slash the gnoll!
The gnoll is severely wounded.
The gnoll closely misses you. The gnoll hits you but does no damage.
You closely miss the gnoll.
The gnoll is severely wounded.
A gnoll comes into view. It is wielding a +0 spear.
The gnoll hits you with a +0 whip.
The gnoll shouts!
You slash the gnoll!
You kill the gnoll!
The gnoll hits you from afar with a +0 spear.
You have reached level 4!
You feel agile.
A frilled lizard and 2 gnolls come into view.
The frilled lizard hisses angrily.
The gnoll shouts!
The gnoll hits you but does no damage.
You see here a +0 whip.
You closely miss the gnoll. The gnoll hits you but does no damage.
The gnoll hits you with a +0 spear. The gnoll hits you but does no damage.
The gnoll attacks as you move away! The gnoll hits you but does no damage.
The gnoll attacks as you move away! The gnoll hits you with a +0 spear.
The gnoll completely misses you.
There is a stone staircase leading up here.
You can't go down here!
The gnoll barely misses you. x2
You climb upwards.
There is a stone staircase leading down here.
You barely miss the gnoll. The gnoll barely misses you.
You hit the gnoll but do no damage. The gnoll hits you but does no damage.
You slash the gnoll!
The gnoll is heavily wounded.
The gnoll hits you with a +0 club.
* * * LOW HITPOINT WARNING * * *
The gnoll hits you with a +0 club.
* * * LOW HITPOINT WARNING * * *
You hit the gnoll.
The gnoll is almost dead.
The gnoll hits you with a +0 club.
You die...

### #........# # ..#
#........# # ..#
#####........# ####
..######## #............#
#... .........#
####..........### #...
....####.# #.............#
#... ....# #.#
#.##.########## #... ....#
#.###..#.####### ####
....# #.......g@.....#
##### # ....#
######.#.#####.###...## #
#...# #.#.# #.##.....# #
#...# ### ##'#.#
#.##..<..# # #...# #.#
#....# #.##.....# # #...#
#.# #....# #(###...## #
#...## #.#
#....#####.##+###'####
#....# #.#
#.............#......'
#....#
#.###..........##.#.######


You could see a gnoll.

Vanquished Creatures
  A gnoll (D:2)
  An adder (D:2)
  3 ball pythons (D:1)
  4 endoplasms
  A giant cockroach (D:1)
  2 hobgoblins (D:1)
  4 jackals (D:1)
  A kobold (D:1)
  5 quokkas (D:1)
  6 bats
  2 frilled lizards (D:1)
  5 rats (D:1)
35 creatures vanquished.

Notes
Turn   | Place    | Note
-------+----------+-------------------------------------------
     0 | D:1      | hbarley the Human Gladiator began the quest for the Orb.
     0 | D:1      | Reached XP level 1. HP: 16/16 MP: 1/1
   103 | D:1      | Reached XP level 2. HP: 17/22 MP: 2/2
   450 | D:1      | Found a faded altar of an unknown god.
   468 | D:1      | Reached skill level 1 in Armour
   596 | D:1      | Reached XP level 3. HP: 27/27 MP: 3/3
   935 | D:2      | Reached XP level 4. HP: 12/34 MP: 4/4
   948 | D:1      | Slain by a gnoll

Illustrated notes

Levels and vault maps discovered:
D:1:      noname_arrival_rooms_in_the_neighbourhood, layout_basic,
          hellmonk_ecumenical_altar_blasted, minmay_misc_feat_rugged
D:2:      layout_basic, uniq_robin

Skill      XL: |  1  2 |
---------------+-------+-----
Armour         | 1 |  1.5
Fighting       | |  2.3
Axes           | |  3.9
Throwing       | |  2.0
Dodging        | |  3.2

Action                     |  1- 3 |  4- 6 || total
---------------------------+-------+-------++-------
  Melee: War axe           |    85 |     5 ||    90
         Punch             |     1 |       ||     1
 Armour: Leather armour    |    15 |       ||    15
         Chain mail        |    47 |     5 ||    52
  Dodge: Dodged            |    59 |     4 ||    63

Table legend: (Time is in decaauts)
 A = Elapsed time spent in this place.
 B = Non-inter-level travel time spent in this place.
 C = Inter-level travel time spent in this place.
 D = Time resting spent in this place.
 E = Time spent auto-exploring this place.
 F = Levels seen in this place.
 G = Mean time per level.
                   A        B        C        D        E       F      G
               +--------+--------+--------+--------+--------+-----+--------+
         Total |    977 |    937 |     40 |     22 |    678 |   2 |  488.5 |
       Dungeon |    977 |    937 |     40 |     22 |    678 |   2 |  488.5 |
               +--------+--------+--------+--------+--------+-----+--------+

Top non-repeatable levels by time:
     D:1: 944 daAuts
     D:2: 32 daAuts
